Map: At Eternity's Edge LE

Players

Indy - Winner!

  • Race: Protoss Protoss

A.I. 1 (Elite)

  • Race: Terran Terran

VOD

Have the link to the VOD?

Description

Time

  • Played on: Oct. 27, 2026, 7:35 a.m.
  • Length: 10:13
Show
View Real Time Build Order
Export as new Build Order

Indy Protoss - Winner!

Build Orders: 1 Gate Expand, Blink Stalkers 

Get SALT Encoding   

  12  0:00  Probe  
  13  0:12  Probe  
  14  0:17  Pylon  
  14  0:24  Probe  
  15  0:36  Probe (Chrono Boost)  
  15  0:38  Gateway  
  16  0:45  Probe (Chrono Boost)  
  16  0:46  Assimilator  
  17  0:51  Probe  
  18  1:03  Probe  
  19  1:15  Probe  
  20  1:24  Cybernetics Core  
  20  1:31  Nexus  
  20  1:34  Probe  
  21  1:40  Pylon  
  21  1:46  Probe  
  22  1:49  Assimilator  
  22  1:55  Adept (Chrono Boost)  
  22  1:58  Probe  
  22  2:01  Warp Gate  
  25  2:10  Probe  
  25  2:15  Adept (Chrono Boost)  
  28  2:23  Probe  
  28  2:27  Twilight Council  
  29  2:35  Probe  
  29  2:36  Gateway  
  30  2:45  Stalker  
  30  2:47  Probe (Chrono Boost)  
  34  2:52  Probe (Chrono Boost)  
  34  2:58  Probe (Chrono Boost)  
  35  3:01  Probe (Chrono Boost)  
  35  3:02  Blink (Chrono Boost), Probe (Chrono Boost)  
  37  3:11  Probe  
  38  3:14  Probe  
  39  3:22  Pylon  
  39  3:23  Probe  
  39  3:24  Robotics Facility  
  39  3:26  Probe  
  41  3:36  Probe  
  42  3:42  Probe  
  42  3:46  Gateway  
  42  3:47  Stalker x2  
  42  3:48  Probe  
  48  3:50  Gateway  
  48  3:54  Probe  
  49  3:55  Assimilator  
  49  4:00  Probe  
  49  4:01  Pylon  
  50  4:06  Probe  
  50  4:09  Warp Prism (Chrono Boost)  
  51  4:12  Probe  
  54  4:19  Probe  
  54  4:22  Pylon  
  55  4:29  Stalker x2  
  59  4:39  Nexus  
  59  4:41  Probe  
  59  4:42  Probe, Observer  
  62  4:53  Pylon  
  62  4:58  Probe x2  
  64  5:01  Stalker x2  
  64  5:02  Stalker  
  70  5:09  Charge (Chrono Boost), Pylon  
  70  5:11  Observer, Probe x2  
  73  5:23  Probe x2  
  73  5:25  Pylon  
  75  5:28  Observer  
  76  5:36  Probe x2  
  76  5:40  Pylon  
  76  5:42  Sentry, Zealot x3  
  86  5:43  Forge  
  86  5:49  Probe x2  
  88  5:55  Probe  
  88  5:56  Robotics Bay  
  89  5:58  Immortal (Chrono Boost)  
  89  6:01  Probe  
  94  6:13  Gateway  
  94  6:14  Protoss Ground Armor Level 1 (Chrono Boost)  
  94  6:15  Gateway x2  
  94  6:17  Gateway  
  94  6:21  Zealot x2  
  94  6:22  Zealot, Sentry  
  102  6:31  Probe  
  103  6:42  Pylon  
  103  6:43  Colossus (Chrono Boost)  
  103  6:44  Zealot x2  
  103  6:46  Zealot  
  115  6:47  Pylon  
  115  6:48  Zealot  
  115  6:49  Pylon  
  117  7:00  Nexus  
  117  7:02  Pylon  
  117  7:04  Extended Thermal Lance (Chrono Boost)  
  120  7:13  Zealot  
  120  7:14  Zealot x6  
  131  7:16  Zealot  
  133  7:25  Pylon  
  133  7:27  Colossus (Chrono Boost)  
  140  7:30  Probe x3  
  142  7:38  Pylon  
  142  7:39  Pylon  
  142  7:42  Probe x3, Zealot x2  
  142  7:43  Zealot  
  151  7:44  Zealot  
  151  7:51  Zealot x2  
  157  7:58  Zealot  
  159  7:59  Zealot  
  159  8:00  Pylon  
  159  8:01  Pylon  
  159  8:02  Pylon  
  161  8:06  Probe x3  
  164  8:14  Pylon  
  164  8:19  Zealot x7  
  160  8:29  Colossus (Chrono Boost)  
  160  8:31  Zealot x6  
  160  8:32  Zealot  
  176  8:40  Nexus  
  176  8:43  Probe x3, Forge  
  176  8:47  Assimilator  
  176  8:48  Assimilator  
  179  8:52  Robotics Facility  
  179  8:54  Assimilator, Probe  
  179  8:55  Probe x2  
  182  9:01  Templar Archives  
  182  9:06  Zealot x5  
  182  9:08  Zealot  
  194  9:12  Zealot x2  
  194  9:15  Probe x2  
  200  9:35  Zealot x5  
  200  9:36  Zealot  
  200  9:43  Zealot x2  
  200  9:44  Probe x4  
  184  9:57  Zealot  
  184  9:58  Zealot x5  
  184  10:08  Pylon  
Show
View Real Time Build Order
Export as new Build Order

A.I. 1 (Elite) Terran 

Build Orders: 2 Factory, Command Center First, Mech 

Get SALT Encoding   

  12  0:00  SCV  
  13  0:13  SCV  
  14  0:18  Supply Depot  
  14  0:25  SCV  
  15  0:39  SCV  
  16  0:51  SCV  
  17  1:03  Command Center, SCV  
  18  1:16  Barracks  
  18  1:18  SCV  
  19  1:41  Refinery  
  19  1:53  Supply Depot, SCV  
  20  2:03  Marine  
  20  2:05  Refinery  
  20  2:06  Orbital Command  
  21  2:15  SCV  
  22  2:21  Marine  
  23  2:27  SCV  
  23  2:31  SCV  
  24  2:38  Marine  
  24  2:39  SCV  
  26  2:52  Orbital Command, Factory  
  26  2:56  Marine, SCV  
  27  3:07  Factory  
  26  3:14  Marine  
  26  3:15  SCV  
  26  3:18  SCV  
  29  3:27  SCV  
  29  3:30  SCV  
  29  3:32  Marine, Supply Depot  
  32  3:36  Factory Tech Lab  
  32  3:39  SCV  
  32  3:42  SCV  
  33  3:50  Marine  
  33  3:51  Factory Tech Lab, SCV  
  33  3:54  SCV  
  36  3:57  Siege Tank  
  39  4:03  SCV  
  39  4:06  SCV  
  39  4:08  Marine  
  39  4:09  Supply Depot  
  42  4:13  Siege Tank  
  42  4:15  SCV  
  46  4:18  SCV  
  47  4:25  Marine  
  47  4:27  Supply Depot  
  47  4:28  SCV  
  47  4:29  Siege Tank  
  47  4:30  SCV  
  53  4:37  Supply Depot  
  53  4:40  SCV  
  53  4:42  SCV  
  53  4:43  Marine  
  56  4:45  Siege Tank  
  56  4:50  Supply Depot  
  56  4:52  SCV  
  60  4:54  SCV  
  60  4:55  Armory  
  61  5:01  Marine  
  61  5:02  Hellion  
  61  5:04  SCV  
  61  5:06  SCV  
  66  5:07  Refinery  
  64  5:16  SCV  
  64  5:18  Hellion, SCV  
  67  5:23  Hellion  
  67  5:24  Barracks, Barracks Tech Lab  
  69  5:28  SCV  
  69  5:31  SCV  
  65  5:40  SCV, Hellion  
  68  5:43  SCV  
  69  5:52  SCV  
  69  5:55  SCV  
  71  5:59  Refinery  
  71  6:04  SCV  
  71  6:06  Terran Vehicle Weapons Level 1, Marauder  
  71  6:07  SCV  
  71  6:10  Supply Depot  
  75  6:16  Command Center, SCV  
  76  6:27  SCV  
  76  6:28  Marauder  
  76  6:29  SCV  
  80  6:36  Supply Depot  
  80  6:39  SCV  
  80  6:41  SCV  
  81  6:49  Marauder  
  81  6:50  Armory  
  81  6:51  SCV  
  81  6:53  SCV  
  85  7:01  Supply Depot  
  85  7:03  SCV  
  85  7:05  SCV  
  85  7:08  Engineering Bay  
  87  7:11  Marauder  
  89  7:21  Engineering Bay  
  89  7:25  Factory  
  89  7:27  Siege Tank  
  89  7:29  SCV x2  
  94  7:31  SCV  
  94  7:32  Marauder  
  94  7:34  Terran Infantry Weapons Level 1  
  97  7:38  Terran Vehicle And Ship Armor Level 1  
  97  7:41  SCV, Siege Tank  
  97  7:42  SCV  
  97  7:44  SCV  
  103  7:47  Terran Infantry Armor Level 1  
  103  7:49  Infernal Pre-Igniter  
  103  7:53  SCV, Marauder  
  103  7:54  SCV, Refinery  
  103  7:58  SCV, Supply Depot  
  108  7:59  Hellion  
  108  8:05  SCV  
  111  8:06  SCV  
  111  8:08  Hellion  
  111  8:10  SCV  
  115  8:15  Marauder  
  115  8:17  SCV  
  115  8:18  SCV  
  113  8:22  SCV  
  113  8:25  Supply Depot  
  104  8:29  SCV  
  104  8:30  SCV  
  105  8:34  SCV  
  105  8:36  Marauder  
  108  8:41  SCV  
  108  8:43  SCV  
  108  8:46  SCV  
  111  8:53  SCV  
  111  8:55  SCV  
  113  8:58  Marauder, SCV  
  113  9:00  Thor  
  122  9:05  Supply Depot  
  122  9:06  SCV  
  122  9:07  SCV  
  124  9:10  SCV  
  124  9:16  Thor  
  131  9:18  SCV  
  131  9:19  Marauder, SCV  
  136  9:30  SCV  
  130  9:31  SCV  
  130  9:33  Supply Depot  
  111  9:40  Marauder  
  111  9:42  SCV  
Tags
 
Add a new tag
Caveats
  • Supply blocks, unpowered buildings, or Contaminate may cause inaccurate times.
  • Supply counts are checked every 10 seconds.